 Dungeon Crawl Stone Soup version 0.22-a0-542-gce4f928 (webtiles) character file.

1651 tilp the Spear-Bearer (level 9, -13/65 HPs)
             Began as a Merfolk Ice Elementalist on June 17, 2018.
             Was an Initiate of Makhleb.
             Mangled by a two-headed ogre
             ... wielding a +0 giant club
              (15 damage)
             ... on level 6 of the Dungeon on June 24, 2018.
             The game lasted 00:24:47 (9589 turns).

tilp the Spear-Bearer (Merfolk Ice Elementalist)    Turns: 9589, Time: 00:24:48

Health: -13/65     AC: 13    Str:  9    XL:     9   Next: 0%
Magic:  13/21      EV: 15    Int: 17    God:    Makhleb [......]
Gold:   312        SH:  0    Dex: 19    Spells: 6/12 levels left

rFire    . . .     SeeInvis +   d - +6 short sword "Kuqyopha" {speed, Dex+5}
rCold    . . .     Gourm    .   (no shield)
rNeg     . . .     Faith    .   u - +1 leather armour {rPois}
rPois    +         Spirit   .   I - +0 helmet
rElec    .         Reflect  .   F - +0 cloak
rCorr    .         Harm     .   (no gloves)
MR       .....                  H - +0 pair of boots
Stlth    ++........             (no amulet)
HPRegen  0.20/turn              j - ring of see invisible
MPRegen  0.17/turn              v - ring of magical power

@: icy armour
A: change form in water, swift swim, stealthy swim
a: Renounce Religion


You were on level 6 of the Dungeon.
You worshipped Makhleb.
Makhleb was noncommittal.
You were not hungry.

You visited 2 branches of the dungeon, and saw 7 of its levels.

You collected 422 gold pieces.
You spent 110 gold pieces at shops.

Inventory:

Hand Weapons
 d - the +6 short sword "Kuqyopha" (weapon) {speed, Dex+5}
   (You found it on level 5 of the Dungeon)

   Attacks with this weapon are significantly faster.
   It affects your dexterity (+5).
 f - a +0 dagger of electrocution
 i - a +2 dagger of venom
 n - a +0 spear
 y - a +0 halberd
Missiles
 o - 6 javelins (quivered)
 K - 4 tomahawks
Armour
 u - a +1 leather armour of poison resistance (worn)
 F - a +0 cloak (worn)
 H - a +0 pair of boots (worn)
 I - a +0 helmet (worn)
Jewellery
 j - a ring of see invisible (left hand)
 p - an uncursed amulet of guardian spirit
 v - a ring of magical power (right hand)
 A - an uncursed ring of fire
Wands
 l - a wand of enslavement (1)
 x - a wand of iceblast (12)
Scrolls
 h - 4 scrolls of remove curse
 r - a scroll of amnesia {unknown}
 s - a scroll of fog
 z - a scroll of enchant weapon {unknown}
 D - a scroll of fear {unknown}
Potions
 b - a potion of invisibility
 e - 2 potions of curing
 g - 2 potions of heal wounds
 k - a potion of flight {unknown}
 m - a potion of ambrosia {unknown}
 q - a potion of lignification {unknown}
 t - 2 potions of agility
 w - a potion of degeneration {unknown}
 B - a potion of mutation {unknown}
 C - a potion of brilliance {unknown}
 E - a potion of haste {unknown}
 G - a potion of cancellation {unknown}
Comestibles
 c - 10 rations


   Skills:
 + Level 3.7 Fighting
 * Level 11.1 Polearms
 + Level 5.5 Dodging
 - Level 2.1 Stealth
 - Level 2.0 Spellcasting
 - Level 0.7 Conjurations
 - Level 7.0 Ice Magic


You had 6 spell levels left.
You knew the following spells:

 Your Spells              Type           Power        Failure   Level  Hunger
a - Freeze                Ice            ####         1%          1    #......
b - Throw Frost           Conj/Ice       ##....       9%          2    ###....
c - Ozocubu's Armour      Chrm/Ice       ##......     19%         3    ###....

Your spell library contained the following spells:

 Spells                   Type           Power        Failure   Level  Hunger
 Magic Dart               Conj           #...         21%         1    #......
 Conjure Flame            Conj/Fire      #.......     56%         3    ###....
 Slow                     Hex            #.......     38%         2    ###....
 Mephitic Cloud           Conj/Pois/Air  #.......     58%         3    ###....
 Blink                    Tloc           N/A          38%         2    ###....
 Summon Ice Beast         Ice/Summ       ##......     54%         4    #####..
 Call Imp                 Summ           #.......     38%         2    ###....
 Throw Icicle             Conj/Ice       ##......     50%         4    #####..


Dungeon Overview and Level Annotations

Branches:
Dungeon (6/15)             Temple (1/1) D:6

Altars:
Ashenzari
Cheibriados
Hepliaklqana
Makhleb
Ru
Uskayaw

Shops:
D:4 *

Annotations:
D:6 3 runed doors, exclusion: two-headed ogre, inc's ghost, amateur TeAE


Message History

Casting: Freeze (safe; 1% risk of failure)
Confirm with . or Enter, or press ? or * to list all spells.
Aiming: Freeze (safe; 1% risk of failure)
Press: ? - help, Shift-Dir - straight line, f/p - two-headed ogre
Aim: a two-headed ogre, wielding two giant clubs (severely wounded)
You freeze the two-headed ogre.
The two-headed ogre is almost dead.
The two-headed ogre closely misses you.
The two-headed ogre hits you with a giant club!!
Casting: Freeze (safe; 1% risk of failure)
Confirm with . or Enter, or press ? or * to list all spells.
Aiming: Freeze (safe; 1% risk of failure)
Press: ? - help, Shift-Dir - straight line, f/p - two-headed ogre
Aim: a two-headed ogre, wielding two giant clubs (almost dead)
You freeze the two-headed ogre.
The two-headed ogre is almost dead.
The two-headed ogre hits you with a giant club!!
* * * LOW HITPOINT WARNING * * *
The two-headed ogre hits you with a giant club!
You die...

..........## ...........### #####
.........⌠...###...##
>............##.....#############
.......⌠.>.⌠.....................
.............#.......############
.........⌠...#.......#
..........#.........######
#####.###.####..@O.......#####
###..##............###.....####
#..................#...........
#..........##.........O#.....#.
#..........#...........#.....#.
#.............####.....#.....##
#.............## ##.......#...#
#..............## #...###.#....
#######...........###.......#....


You could see a two-headed ogre.

Vanquished Creatures
  A hornet zombie (D:6)
  2 ogres (D:4)
  2 bullfrogs
  2 scorpions (D:6)
  A bullfrog zombie (D:5)
  2 jellies (D:5)
  A quasit (D:5)
  5 orc priests
  3 hounds
  3 bullfrog skeletons (D:5)
  2 iguanas
  Terence (D:2)
  2 worker ants
  7 orc wizards
  A hound skeleton (D:4)
  A worker ant zombie (D:5)
  7 gnolls
  A howler monkey skeleton (D:6)
  17 adders
  A shadow imp (D:5)
  An ooze (D:1)
  4 worms
  A dart slug (D:3)
  6 leopard geckos
  21 orcs
  2 ball pythons
  6 bats
  5 giant cockroaches
  10 goblins
  2 hobgoblins
  8 jackals
  2 quokkas
  7 frilled lizards
  5 kobolds
  A leopard gecko skeleton (D:6)
  A leopard gecko zombie (D:5)
  2 rats
146 creatures vanquished.

Vanquished Creatures (collateral kills)
  An orc (D:5)
1 creature vanquished.

Grand Total: 147 creatures vanquished

Notes
Turn   | Place    | Note
-------+----------+-------------------------------------------
     0 | D:1      | tilp the Merfolk Ice Elementalist began the quest for the Orb.
     0 | D:1      | Reached XP level 1. HP: 13/13 MP: 3/3
   258 | D:1      | Upgraded the game from 0.22-a0-482-g76e0a5f to 0.22-a0-515-g75794bf
   381 | D:1      | Reached XP level 2. HP: 19/19 MP: 5/5
  1110 | D:2      | Reached XP level 3. HP: 20/24 MP: 4/6
  1114 | D:2      | Learned a level 2 spell: Throw Frost
  1118 | D:2      | Learned a level 3 spell: Ozocubu's Armour
  1217 | D:2      | Noticed Terence
  1223 | D:2      | Killed Terence
  1223 | D:2      | Reached skill level 5 in Ice Magic
  1532 | D:2      | Reached XP level 4. HP: 20/30 MP: 0/7
  2338 | D:2      | Reached XP level 5. HP: 27/35 MP: 2/8
  2867 | D:3      | Reached skill level 1 in Polearms
  3154 | D:3      | Reached skill level 2 in Polearms
  3525 | D:3      | Reached skill level 3 in Polearms
  3533 | D:3      | Reached XP level 6. HP: 30/41 MP: 1/9
  3995 | D:3      | Reached skill level 4 in Polearms
  4717 | D:4      | Reached skill level 5 in Polearms
  5140 | D:4      | Reached skill level 6 in Polearms
  5140 | D:4      | Reached XP level 7. HP: 13/46 MP: 1/10
  5647 | D:4      | Reached skill level 7 in Polearms
  5650 | D:4      | Reached skill level 8 in Polearms
  6125 | D:4      | Found Omostruy's Serpentskin Sales.
  6233 | D:4      | Bought a +1 leather armour of poison resistance for 110 gold pieces
  6526 | D:5      | Entered Level 5 of the Dungeon
  6821 | D:5      | Reached skill level 1 in Fighting
  6832 | D:5      | Got an ancient short sword
  6837 | D:5      | Reached skill level 9 in Polearms
  6837 | D:5      | Reached XP level 8. HP: 53/54 MP: 0/11
  6987 | D:5      | HP: 2/54 [orc wizard/puff of frost (14)]
  7937 | D:5      | Found a hazy altar of Hepliaklqana.
  8294 | D:5      | Identified the +6 short sword "Kuqyopha" {speed, Dex+5} (You found it on level 5 of the Dungeon)
  8361 | D:6      | Reached skill level 10 in Polearms
  8723 | D:6      | Upgraded the game from 0.22-a0-515-g75794bf to 0.22-a0-542-gce4f928
  8845 | D:6      | Reached skill level 5 in Dodging
  8860 | D:6      | Noticed a two-headed ogre
  9210 | D:6      | Found a staircase to the Ecumenical Temple.
  9236 | Temple   | Entered the Ecumenical Temple
  9247 | Temple   | Became a worshipper of Makhleb the Destroyer
  9302 | D:6      | Reached skill level 11 in Polearms
  9302 | D:6      | Reached XP level 9. HP: 65/65 MP: 11/12
  9480 | D:6      | Noticed inc's ghost (amateur TeAE)
  9495 | D:6      | Found a runed gate.
  9495 | D:6      | Found a runed gate.
  9495 | D:6      | Found a runed gate.
  9589 | D:6      | HP: 2/65 [two-headed ogre/giant club (19)]
  9589 | D:6      | Mangled by a two-headed ogre

Vault maps used:
D:1:      dpeg_arrival_tiny_b, minivault_27
D:2:      uniq_terence
D:3:      hangedman_decor_clover_reticule
D:4:      first_ration, guppyfry_shop_venom
D:5:      lemuel_doored_altar
D:6:      hangedman_cross_stitches, temple_fountains, gammafunk_ghost_split
Temple:   regret_index_temple_mists

Skill      XL: |  1  2  3  4  5  6  7  8 |
---------------+-------------------------+-----
Ice Magic      | 4 5 6 7 |  7.0
Polearms       | 3 6 9 11 | 11.1
Dodging        | 3 5 |  5.5
Fighting       | 1 3 |  3.7
Stealth        | |  2.1
Spellcasting   | |  2.0
Conjurations   | |  0.7

Action                   |  1- 3 |  4- 6 |  7- 9 || total
-------------------------+-------+-------+-------++-------
Melee: Dagger            |    15 |    25 |    48 ||    88
       Spear             |       |       |   120 ||   120
       Short sword       |       |       |    68 ||    68
Throw: Stone             |       |     3 |       ||     3
       Javelin           |       |    12 |     2 ||    14
       Tomahawk          |       |       |     8 ||     8
 Cast: Freeze            |    33 |   106 |   100 ||   239
       Throw Frost       |     1 |    14 |    22 ||    37
       Ozocubu's Armour  |       |     4 |    21 ||    25
Evoke: Wand              |       |       |     5 ||     5
  Use: Scroll            |       |     4 |     3 ||     7
       Potion            |       |       |     1 ||     1
 Stab: Sleeping          |     1 |     3 |     2 ||     6
  Eat: Chunk             |     2 |    14 |    11 ||    27
       Ration            |       |       |     3 ||     3
Armor: Robe              |     3 |    10 |     6 ||    19
       Leather armour    |       |       |    81 ||    81
Dodge: Dodged            |    23 |    76 |   234 ||   333

Table legend:
 A = Spawn XP
 B = Non-spawn XP
 C = Spawn XP percentage of total XP
 D = Spawn monster count
 E = Non-spawn monster count
 F = Spawn count percentage of total count
 G = Total turns spent on level
                    A         B        C        D         E        F      G
               +---------+---------+-------+---------+---------+-------+---------
         Total |       0 |    2359 |   0.0 |       0 |     147 |   0.0 |  9589
               +---------+---------+-------+---------+---------+-------+---------
           D:1 |       0 |      32 |   0.0 |       0 |      15 |   0.0 |  1067
           D:2 |       0 |     151 |   0.0 |       0 |      21 |   0.0 |  1747
           D:3 |       0 |     306 |   0.0 |       0 |      40 |   0.0 |  2108
           D:4 |       0 |     582 |   0.0 |       0 |      26 |   0.0 |  1687
           D:5 |       0 |     628 |   0.0 |       0 |      23 |   0.0 |  1778
           D:6 |       0 |     660 |   0.0 |       0 |      22 |   0.0 |  1181
               +---------+---------+-------+---------+---------+-------+---------
